Map: 16-Bit LE

Players

Ryosis

  • Race: Zerg Zerg
  • Spawn Location: 7:00

Okaneby - Winner!

  • Race: Terran Terran
  • Spawn Location: 1:00

Event: WCS Valencia 2018

VOD

Have the link to the VOD?

Description

Time

  • Played on: July 12, 2018, 7:15 a.m.
  • Length: 8:33

All games in this series

Show
View Real Time Build Order
Export as new Build Order

Ryosis Zerg 

Build Orders: Hatch First 

Get SALT Encoding   

  12  0:01  Drone  
  13  0:13  Overlord  
  13  0:17  Drone  
  14  0:31  Drone x2  
  14  0:35  Drone  
  17  0:54  Hatchery  
  17  0:56  Drone  
  17  0:59  Drone  
  18  1:10  Extractor  
  17  1:14  Spawning Pool  
  17  1:18  Drone  
  17  1:21  Drone  
  18  1:29  Drone  
  19  1:40  Overlord  
  19  1:50  Drone  
  20  2:01  Zergling x2, Queen  
  20  2:06  Zergling x2, Queen  
  26  2:12  Drone  
  27  2:17  Drone  
  27  2:22  Drone  
  29  2:29  Drone  
  29  2:37  Spore Crawler  
  29  2:42  Spore Crawler  
  28  2:44  Zergling x6  
  28  2:50  Roach Warren  
  31  2:53  Zergling x2  
  32  3:01  Overlord, Queen  
  34  3:06  Queen  
  33  3:18  Overlord  
  28  3:30  Roach x5  
  35  3:35  Roach  
  33  3:45  Roach  
  33  3:46  Drone  
  34  3:59  Roach  
  34  4:02  Queen  
  37  4:05  Drone  
  37  4:08  Ravager  
  39  4:10  Drone  
  39  4:16  Drone  
  41  4:19  Drone  
  41  4:20  Ravager  
  43  4:25  Drone  
  43  4:28  Drone  
  45  4:31  Drone  
  45  4:37  Ravager  
  47  4:41  Queen  
  47  4:45  Overlord  
  49  4:48  Drone  
  49  4:51  Drone  
  51  4:54  Drone  
  51  4:59  Drone  
  52  5:02  Overlord  
  52  5:05  Drone  
  53  5:07  Drone  
  53  5:13  Drone x2  
  56  5:14  Drone  
  56  5:20  Ravager  
  58  5:26  Drone x2  
  58  5:28  Overlord  
  60  5:35  Hatchery  
  59  5:39  Extractor  
  59  5:40  Extractor  
  59  5:41  Queen  
  59  5:44  Drone  
  59  5:46  Drone  
  59  5:48  Drone  
  62  5:50  Drone  
  62  5:54  Drone  
  62  5:55  Drone  
  65  5:58  Lair  
  65  6:01  Drone  
  65  6:02  Drone  
  67  6:07  Drone x2  
  69  6:11  Extractor, Drone  
  69  6:14  Drone  
  69  6:15  Drone  
  71  6:19  Evolution Chamber  
  71  6:21  Drone  
  71  6:22  Evolution Chamber  
  71  6:25  Drone  
  71  6:27  Drone  
  71  6:28  Drone  
  73  6:35  Drone x3  
  73  6:38  Overlord  
  76  6:50  Drone  
  77  6:57  Drone  
  77  6:59  Drone x3  
  72  7:02  Extractor  
  72  7:03  Extractor  
  72  7:06  Roach x3  
  76  7:09  Ravager x2  
  76  7:10  Glial Reconstitution  
  76  7:12  Overlord  
  76  7:15  Roach  
  80  7:18  Drone x3  
  80  7:22  Drone x2  
  85  7:28  Drone x2  
  81  7:34  Queen  
  81  7:35  Overlord  
  81  7:36  Roach x2  
  81  7:37  Roach  
  89  7:40  Overlord  
  89  7:43  Roach x2  
  93  7:44  Overseer  
  93  7:49  Overlord  
  93  7:50  Roach  
  93  7:54  Drone x2  
  93  7:56  Drone  
  96  8:00  Drone x3  
  96  8:02  Overlord  
  96  8:04  Roach x2  
  103  8:08  Roach x2  
  103  8:10  Ravager  
  103  8:11  Ravager x2  
  103  8:12  Overlord  
Show
View Real Time Build Order
Export as new Build Order

Okaneby Terran - Winner!

Build Orders: MMM Bio 

Get SALT Encoding   

  12  0:01  SCV  
  13  0:13  SCV  
  14  0:18  Supply Depot  
  14  0:25  SCV  
  15  0:41  Barracks  
  15  0:47  Refinery  
  15  0:51  SCV  
  16  1:01  Barracks  
  16  1:17  Barracks  
  16  1:22  Refinery  
  16  1:30  Reaper  
  17  1:37  SCV  
  18  1:48  Reaper  
  18  1:53  Supply Depot  
  19  1:58  SCV  
  20  2:04  Reaper  
  21  2:10  Reaper  
  21  2:15  SCV  
  23  2:22  Reaper  
  24  2:36  Reaper  
  25  2:42  Reaper  
  26  2:54  Reaper  
  26  2:55  Orbital Command  
  27  3:09  Reaper  
  28  3:14  Reaper  
  29  3:23  SCV  
  29  3:26  Reaper  
  31  3:41  Reaper  
  31  3:46  Supply Depot  
  31  3:57  SCV  
  31  4:07  Reaper x2  
  31  4:09  SCV  
  34  4:13  Reaper  
  35  4:17  Command Center  
  35  4:29  SCV  
  36  4:33  Factory  
  35  4:43  Supply Depot  
  37  4:48  Barracks  
  37  4:49  Barracks Tech Lab, Barracks  
  37  4:50  Barracks Tech Lab, Barracks Reactor  
  36  4:52  SCV  
  35  5:05  SCV  
  36  5:10  Marine  
  36  5:11  Marine  
  36  5:14  Stimpack  
  38  5:17  SCV  
  38  5:19  Combat Shields  
  38  5:23  Factory Tech Lab  
  37  5:29  Marine x3  
  41  5:41  Marine  
  42  5:44  Siege Tank  
  42  5:48  Marine x2  
  46  5:59  Marine  
  46  6:00  Marine  
  46  6:01  Marine  
  46  6:04  Orbital Command  
  49  6:06  Marine  
  49  6:07  Marine  
  51  6:11  SCV  
  51  6:17  Marine  
  54  6:19  Marine  
  54  6:25  SCV  
  56  6:26  Supply Depot  
  56  6:27  Marine x2  
  56  6:31  Barracks Tech Lab, Barracks Reactor  
  57  6:35  SCV  
  57  6:37  SCV  
  59  6:42  Marine x2  
  61  6:48  Siege Tank  
  61  6:49  SCV  
  63  6:57  Marine x2  
  64  7:05  Marine x2  
  66  7:09  Starport  
  66  7:11  Marine x2, Marauder  
  70  7:23  SCV  
  70  7:25  Marine  
  70  7:27  SCV  
  70  7:36  Supply Depot x2  
  70  7:38  Marine x3  
  70  7:39  SCV x2, Marauder  
  77  7:45  Marine  
  78  7:54  Starport Reactor  
  78  7:57  SCV x2, Marine x2, Siege Tank  
  84  8:09  SCV  
Tags
 
Composition
MMM Bio
Matchup
TvZ
Player
Ryosis
Spawn Locations
Cross Positions
Add a new tag
Caveats
  • Supply blocks, unpowered buildings, or Contaminate may cause inaccurate times.
  • Supply counts are checked every 10 seconds.